 Dungeon Crawl Stone Soup version 0.21.1-1-g345015fe64 (webtiles) character file.

663 Holzbalken the Spear-Bearer (level 7, -6/75 HPs)
             Began as a Merfolk Skald on July 2, 2018.
             Killed by divine providence
             ... invoked by an orc priest
              (16 damage)
             ... on level 6 of the Dungeon.
             The game lasted 00:46:14 (5698 turns).

Holzbalken the Spear-Bearer (Merfolk Skald)         Turns: 5698, Time: 00:46:14

Health: -6/75      AC: 23    Str: 13    XL:     7   Next: 56%
Magic:  10/10      EV:  2    Int: 12    God:
Gold:   331        SH:  0    Dex: 14    Spells: 7/10 levels left

rFire    . . .     SeeInvis .   z - +0 glaive
rCold    + . .     Gourm    .   (shield currently unavailable)
rNeg     + + +     Faith    +   (armour currently unavailable)
rPois    +         Spirit   .   (helmet currently unavailable)
rElec    .         Reflect  .   (cloak currently unavailable)
rCorr    .         Harm     .   (gloves currently unavailable)
MR       .....     NoTele   +   (boots currently unavailable)
Stlth    +.........             f - amulet of faith
HPRegen  0.22/turn              k - ring of protection from cold
MPRegen  0.12/turn              (no ring)

@: tree-form
A: (change form in water), (swift swim), (stealthy swim)
a: no special abilities


You were on level 6 of the Dungeon.
You were very hungry.
You were a tree.
You visited 1 branch of the dungeon, and saw 7 of its levels.
You also visited: Ossuary.

You collected 331 gold pieces.

Inventory:

Hand Weapons
 z - a +0 glaive (weapon)
 F - a +0 blowgun
Missiles
 G - 28 poisoned needles
Armour
 a - a +0 leather armour (melded)
 e - a +0 pair of gloves (melded)
 h - a +0 helmet (melded)
 y - a +0 cloak (melded)
 C - a +0 leather armour
Jewellery
 f - an amulet of faith (around neck)
 k - a ring of protection from cold (left branch)
Wands
 o - a wand of acid (10)
 q - a wand of polymorph (16)
 v - a wand of flame (31)
Scrolls
 g - a scroll of teleportation
 i - 6 scrolls of identify
 m - a scroll of immolation {unknown}
 r - 2 scrolls of enchant armour {unknown}
 s - a scroll of noise {unknown}
 t - a scroll of random uselessness
 w - a scroll of enchant weapon {unknown}
 A - 2 scrolls of remove curse {unknown}
 B - a scroll of fog {unknown}
 D - 4 scrolls of magic mapping {unknown}
Potions
 j - a potion of magic
 p - 2 potions of ambrosia
Comestibles
 b - 5 chunks of flesh
 d - 8 rations


   Skills:
 - Level 2.1 Fighting
 + Level 10.4 Polearms
 - Level 0.6 Armour
 * Level 3.2 Dodging
 - Level 2.0 Spellcasting
 - Level 5.0 Charms


You had 7 spell levels left.
You knew the following spells:

 Your Spells              Type           Power        Failure   Level  Hunger
a - Infusion              Chrm           ##..         3%          1    ##.....
b - Shroud of Golubria    Chrm/Tloc      #.........   14%         2    ###....


Dungeon Overview and Level Annotations

Branches:
Dungeon (7/15)
 Temple: D:4-7

Altars:

Shops:
D:4 (


Message History

The bullfrog hits you but does no damage.
The bullfrog hits you! The orc misses you.
You slash the orc!
You kill the orc!
The bullfrog closely misses you.
The orc priest calls down the wrath of Beogh upon you.
Beogh smites you!
* * * LOW HITPOINT WARNING * * *
The bullfrog misses you.
It was a potion of lignification.
You turn into a tree.
Your +0 cloak melds into your body.
Your +0 helmet melds into your body.
Your +0 pair of gloves melds into your body.
Your +0 leather armour melds into your body.
Your roots penetrate the ground.
You feel strangely stable.
The bullfrog hits you but does no damage. x2
You barely miss the orc priest.
The bullfrog hits you but does no damage.
The orc priest invokes the aid of Beogh against you.
Beogh smites you!
You die...

#####
#.###############.#.#
.......F♣o........#.#
..#############.....#
#.#.#.# ######...#.#
.........#.#
########.#.#
.......#.#.#
#.......o#.#
.##...o.#.#


You could see a bullfrog and an orc priest.

Vanquished Creatures
  An ogre (D:4)
  A bullfrog (D:6)
  A scorpion (D:6)
  2 hounds
  A crimson imp (D:7)
  Crazy Yiuf (D:2)
  An orc wizard (D:3)
  2 iguanas (D:4)
  Natasha (thrice) (D:3)
  Robin (D:4)
  7 gnolls
  4 adders
  A shadow imp (D:6)
  An adder skeleton (D:4)
  A worm (D:2)
  2 dart slugs
  A leopard gecko (D:3)
  6 orcs
  2 ball pythons
  5 bats
  3 giant cockroaches
  10 goblins
  9 hobgoblins
  3 jackals (D:3)
  A quokka (D:3)
  A frilled lizard (D:2)
  2 kobolds (D:3)
  3 rats
76 creatures vanquished.

Notes
Turn   | Place    | Note
-------+----------+-------------------------------------------
     0 | D:1      | Holzbalken the Merfolk Skald began the quest for the Orb.
     0 | D:1      | Reached XP level 1. HP: 16/16 MP: 3/3
   420 | D:1      | Reached XP level 2. HP: 22/22 MP: 0/5
  1277 | D:2      | Reached XP level 3. HP: 13/27 MP: 4/6
  1591 | D:2      | Found a runed door.
  1596 | D:2      | Noticed Crazy Yiuf
  1613 | D:2      | Killed Crazy Yiuf
  1613 | D:2      | Reached skill level 4 in Polearms
  1613 | D:2      | Reached XP level 4. HP: 10/33 MP: 0/7
  1939 | D:3      | Noticed Natasha
  1951 | D:3      | Killed Natasha
  1951 | D:3      | Reached skill level 5 in Charms
  2199 | D:3      | Learned a level 2 spell: Shroud of Golubria
  2463 | D:3      | Reached skill level 5 in Polearms
  2590 | D:3      | Noticed Natasha
  2603 | D:3      | Killed Natasha
  2603 | D:3      | Reached XP level 5. HP: 10/38 MP: 0/8
  2822 | D:3      | Noticed Natasha
  2829 | D:3      | Killed Natasha
  2829 | D:3      | Reached skill level 6 in Polearms
  3945 | D:4      | Found Vycva's Weapon Shoppe.
  4013 | D:3      | Reached skill level 7 in Polearms
  4459 | D:4      | Reached XP level 6. HP: 44/44 MP: 7/9
  4565 | D:4      | Noticed Robin
  4591 | D:4      | Killed Robin
  4777 | D:4      | Reached skill level 8 in Polearms
  5213 | D:4      | Reached skill level 9 in Polearms
  5213 | D:4      | Reached XP level 7. HP: 34/50 MP: 3/10
  5354 | D:5      | Entered Level 5 of the Dungeon
  5459 | D:4      | You fall through a shaft for 3 floors!
  5506 | D:6      | Reached skill level 10 in Polearms
  5569 | D:6      | Found a sand-covered staircase.
  5574 | Ossuary  | Entered an ossuary
  5698 | D:6      | Killed from afar by an orc priest

Skill      XL: |  1  2  3  4  5  6  7 |
---------------+----------------------+-----
Charms         | 4 5 |  5.0
Polearms       | 4 5 7 9 10 | 10.4
Dodging        | 3 |  3.2
Fighting       | |  2.1
Armour         | |  0.6
Spellcasting   | |  2.0

Action                   |  1- 3 |  4- 6 |  7- 9 || total
-------------------------+-------+-------+-------++-------
Melee: Spear             |    66 |   123 |       ||   189
       Glaive            |       |    79 |    33 ||   112
 Cast: Infusion          |    10 |    15 |     3 ||    28
       Shroud of Golubri |       |     5 |       ||     5
  Use: Potion            |     2 |       |     4 ||     6
       Scroll            |       |     3 |     1 ||     4
  Eat: Chunk             |     2 |     2 |     1 ||     5
       Ration            |       |     3 |       ||     3
Armor: Leather armour    |    12 |    46 |     8 ||    66
       Skin              |       |       |     3 ||     3
Dodge: Dodged            |    25 |   110 |    31 ||   166
